 Dungeon Crawl Stone Soup version 0.27.1-16-g815e20cd7a (webtiles) character file.

Game seed: 16758005085194868231

328 zeram the Ducker (level 6, -1/55 HPs)
             Began as a Troll Brigand on Nov 22, 2021.
             Slain by a gnoll (4 damage)
             ... on level 4 of the Dungeon.
             The game lasted 00:05:44 (2585 turns).

zeram the Ducker (Troll Brigand)                    Turns: 2585, Time: 00:05:45

Health: -1/55      AC:  5    Str: 20    XL:     6   Next: 25%
Magic:  5/5        EV: 11    Int:  9    God:
Gold:   167        SH:  0    Dex: 11    Spells: 5/5 levels left

rFire    . . .     SeeInvis .   a - +2 dagger
rCold    . . .     Faith    .   (no shield)
rNeg     . . .     Spirit   .   b - +0 robe
rPois    .         Reflect  .   (helmet restricted)
rElec    +         Harm     .   c - +0 cloak
rCorr    .         Rampage  .   (gloves unavailable)
Will     .....     Rnd*Tele +   (boots unavailable)
Stlth    ++........             (no amulet)
HPRegen  1.18/turn              (no ring)
MPRegen  0.09/turn              (no ring)

@: marked, studying Long Blades
A: large, unfitting armour, claws 3, regeneration 1, shaggy fur 1, tough skin 1,
electricity resistance, teleportitis 1
a: no special abilities


You were on level 4 of the Dungeon.
You visited 1 branch of the dungeon, and saw 4 of its levels.

You collected 167 gold pieces.

Inventory:

Hand Weapons
 a - a +2 dagger (weapon)
Missiles
 d - 19 poisoned darts (quivered)
 e - 2 curare-tipped darts
Armour
 b - a +0 robe (worn)
 c - a +0 cloak (worn)
Wands
 j - a wand of paralysis (2)
 k - a wand of iceblast (3)
Potions
 n - a potion of heal wounds


   Skills:
 - Level 1.5 Fighting
 - Level 1.5 Short Blades
 - Level 1.7 Throwing
 + Level 5.3 Dodging
 - Level 2.1 Stealth


You had 5 spell levels left.
You didn't know any spells.
Your spell library was empty.

Dungeon Overview and Level Annotations

Branches:
Dungeon (4/15)
 Temple: D:4-7

Altars:


Innate Abilities, Weirdness & Mutations

You are too large for most types of armour.
You have claws for hands.
Your natural rate of healing is unusually fast.
You are covered in fur. (AC +1)
You have tough skin. (AC +1)
You are resistant to electric shocks. (rElec)
You are occasionally teleported next to monsters.


Message History

The gnoll hits you from afar with a +0 vorpal spear.
The gnoll pulls the alarm!
The alarm trap emits a blaring wail!
A sentinel's mark forms upon you.
You hear a shout! x2; You hear a bark!
You hear a shout!
You hear a howl!
You hear a bark!
You hear a shout! x10
The gnoll hits you from afar with a +0 vorpal spear.
The gnoll barely misses you. The gnoll hits you but does no damage.
You hit the gnoll.
The gnoll is moderately wounded.
The gnoll hits you from afar with a +0 vorpal spear.
The gnoll hits you from afar with a +0 spear.
The gnoll hits you with a +0 halberd.
You hit the gnoll.
The gnoll is heavily wounded.
The gnoll misses you.
The gnoll hits you from afar with a +0 spear.
The gnoll hits you with a +0 halberd.
A gnoll comes into view. It is wielding a +0 hand axe.
You hit the gnoll.
The gnoll is severely wounded.
The gnoll hits you from afar with a +0 vorpal spear!
* * * LOW HITPOINT WARNING * * *
x2 The gnoll hits you from afar with a +0 spear.
* * * LOW HITPOINT WARNING * * *
You hit the gnoll.
The gnoll is almost dead.
The gnoll hits you but does no damage. The gnoll barely misses you.
The gnoll hits you with a +0 halberd.
* * * LOW HITPOINT WARNING * * *
An orc comes into view. It is wielding a +0 flail of draining.
You closely miss the gnoll.
The gnoll is almost dead.
An orc wizard comes into view. It is wielding a +0 club.
The gnoll hits you from afar with a +0 vorpal spear.
* * * LOW HITPOINT WARNING * * *
x2 The gnoll hits you from afar with a +0 spear.
* * * LOW HITPOINT WARNING * * *
The gnoll hits you with a +0 halberd.
You die...

.................................
≈≈≈≈≈≈≈≈≈≈≈≈≈....≈≈≈≈≈≈≈≈≈≈≈≈≈≈≈≈
≈≈≈≈≈≈≈≈≈≈≈≈≈....≈≈≈≈≈≈≈≈≈≈≈≈≈≈≈≈
#≈≈≈≈≈≈≈≈≈≈≈≈...))≈≈≈≈≈≈≈≈≈≈≈####
#............................#ogo
#############''''#############ggg
# . #....#....... #g## .
....#...g#g...... ^.#.
.o..g...@)gg..oo. #.
################' #. #. #. #. #.
#. # #+## #+#########
################...


You could see an orc wizard, 5 gnolls and 2 orcs.

Vanquished Creatures
  A hound (D:4)
  A bullfrog skeleton (D:3)
  Ijyb (D:4)
  3 orc wizards
  2 hound skeletons (D:4)
  A howler monkey zombie (D:4)
  An adder (D:4)
  3 gnolls (D:4)
  2 dart slugs (D:1)
  6 orcs
  4 ball pythons
  8 endoplasms
  4 giant cockroaches
  A goblin (D:4)
  5 hobgoblins
  10 jackals (D:4)
  5 quokkas
  5 bats
  2 kobolds (D:4)
  5 rats
70 creatures vanquished.

Vanquished Creatures (others)
  An orc priest (D:3)
  2 plants (D:4)
3 creatures vanquished.

Grand Total: 73 creatures vanquished

Notes
Turn   | Place    | Note
-------+----------+-------------------------------------------
     0 | D:1      | zeram the Troll Brigand began the quest for the Orb.
     0 | D:1      | Reached XP level 1. HP: 19/19 MP: 0/0
    22 | D:1      | Reached skill level 1 in Dodging
   169 | D:1      | Reached XP level 2. HP: 27/27 MP: 1/1
   392 | D:1      | Reached skill level 2 in Dodging
   515 | D:1      | Reached XP level 3. HP: 30/33 MP: 2/2
   752 | D:1      | Found a faded altar of an unknown god.
   809 | D:2      | You fall into a shaft and drop 2 floors!
   914 | D:4      | Reached skill level 3 in Dodging
   914 | D:4      | Reached XP level 4. HP: 22/41 MP: 3/3
  1154 | D:4      | Noticed Ijyb
  1156 | D:4      | Paralysed by Ijyb for 3 turns
  1166 | D:4      | Paralysed by Ijyb for 4 turns
  1176 | D:4      | Paralysed by Ijyb for 4 turns
  1185 | D:4      | Killed Ijyb
  1421 | D:4      | Reached skill level 4 in Dodging
  1421 | D:4      | Reached XP level 5. HP: 48/48 MP: 4/4
  1805 | D:3      | HP: 2/48 [orc priest/divine providence (9)]
  1813 | D:3      | HP: 1/48 [orc wizard/magic dart (4)]
  1830 | D:3      | Gained mutation: You are resistant to electric shocks.
                  | (rElec) [potion of mutation]
  1830 | D:3      | Gained mutation: You are occasionally teleported next to
                  | monsters. [potion of mutation]
  2175 | D:3      | Reached skill level 5 in Dodging
  2175 | D:3      | Reached XP level 6. HP: 47/55 MP: 5/5
  2585 | D:4      | Slain by a gnoll

Illustrated notes

Levels and vault maps discovered:
D:1:      dpeg_arrival_central, layout_basic, basic_ecumenical_altar
D:2:      layout_rooms
D:3:      layout_basic
D:4:      lemuel_castle_with_subvaults [lemuel_castle_interior_carwin_3],
          layout_basic, uniq_ijyb

Skill      XL: |  1  2  3  4  5 |
---------------+----------------+-----
Dodging        | 1 2 3 4 5 |  5.3
Fighting       | |  1.5
Short Blades   | |  1.5
Throwing       | |  1.7
Stealth        | |  2.1

Action                   |  1- 3 |  4- 6 || total
-------------------------+-------+-------++-------
Melee: Dagger            |   116 |   290 ||   406
Throw: Dart              |       |     2 ||     2
  Use: Potion            |       |     6 ||     6
       Scroll            |       |     7 ||     7
 Stab: Sleeping          |     4 |     4 ||     8
       Invisible         |       |     5 ||     5
       Distracted        |       |     1 ||     1
Armor: Robe              |    40 |   123 ||   163
Dodge: Dodged            |    58 |   155 ||   213
